 Dungeon Crawl Stone Soup version 0.27-a0-1181-g5f64966 (webtiles) character file.

Game seed: 6082799447305888009

184 Meow the Chiller (level 5, -3/39 (42) HPs)
             Began as a Naga Ice Elementalist on May 17, 2021.
             Slain by a wight
             ... wielding a +0 mace
              (14 damage)
             ... on level 3 of the Dungeon.
             The game lasted 00:12:08 (1703 turns).

Meow the Chiller (Naga Ice Elementalist)            Turns: 1703, Time: 00:12:09

HP:   -3/39 (42)    AC:  2    Str: 10    XL:     5   Next: 64%
MP:   3/10          EV:  9    Int: 17    God:
Gold: 641           SH:  0    Dex: 11    Spells: 0/11 levels left

rFire    . . .     SeeInvis +   a - +0 long sword
rCold    . . .     Faith    .   (no shield)
rNeg     . . .     Spirit   .   d - +0 robe
rPois    +         Reflect  .   (no helmet)
rElec    .         Harm     .   (no cloak)
rCorr    .         Rampage  .   (no gloves)
Will     .....                  (no barding)
Stlth    ++........             (no amulet)
HPRegen  0.13/turn              (no ring)
MPRegen  0.12/turn              (no ring)

@: drained, very slow
A: AC +1, large, see invisible, deformed body, poison resistance, slowness 2,
spit poison 1, naga tail 1
a: Spit Poison


You were on level 3 of the Dungeon.
You visited 1 branch of the dungeon, and saw 4 of its levels.

You collected 641 gold pieces.

Inventory:

Hand Weapons
 a - a +0 long sword (weapon)
 f - a +0 short sword
Missiles
 e - 53 stones
Armour
 d - a +0 robe (worn)
Scrolls
 b - a scroll of acquirement
 i - a scroll of noise
 k - a scroll of vulnerability
Potions
 h - a potion of flight {unknown}


   Skills:
 - Level 1.5 Dodging
 - Level 3.0 Stealth
 - Level 3.6 Spellcasting
 * Level 1.2 Conjurations
 * Level 1.2 Fire Magic
 - Level 5.2 Ice Magic


You couldn't memorise any spells.
You knew the following spells:

 Your Spells              Type           Power      Damage    Failure   Level
a - Freeze                Ice            84%        1d10      1%          1
e - Ozocubu's Armour      Ice            21%        N/A       5%          3
f - Frozen Ramparts       Ice            42%        1d6       5%          3
t - Sticky Flame          Conj/Fire      7%         2d3       69%         4

Your spell library contained the following spells:

 Spells                   Type           Power      Damage    Failure   Level
 Conjure Flame            Conj/Fire      7%         6-21      30%         3
 Hailstorm                Conj/Ice       14%        3d5       38%         4
 Metabolic Englaciation   Hex/Ice        6%         N/A       83%         5
 Fireball                 Conj/Fire      3%         3d4       95%         5
 Bolt of Magma            Conj/Fire/Erth 2%         4d4       97%         5
 Irradiate                Conj/Tmut      2%         3d14      98%         5
 Conjure Ball Lightning   Conj/Air       2%         3x3d6     100%        6


Dungeon Overview and Level Annotations

Branches:
Dungeon (4/15)
 Temple: D:4-7

Altars:


Innate Abilities, Weirdness & Mutations

Your serpentine skin is tough. (AC +1)
You have supernaturally acute eyesight. (SInv)
Armour fits poorly on your strangely shaped body.
Your system is resistant to poisons. (rPois)
You cover ground very slowly.
You can spit poison.
You have a snake-like lower body.


Message History

The wight hits you with a +0 mace. The wight hits you with a +0 mace!
You feel drained.
There is a stone staircase leading up here.
The wight barely misses you.
You riposte.
You hit the wight but do no damage.
You climb upwards.
There is a stone staircase leading down here.
Casting: Frozen Ramparts (dangerous; 5% risk of failure)
Confirm with . or Enter, or press ? or * to list all spells.
A film of ice covers your body! The wight closely misses you.
Casting: Ozocubu's Armour (dangerous; 5% risk of failure)
Confirm with . or Enter, or press ? or * to list all spells.
Okay, then.
Unknown command.
You aren't carrying any items that you can evoke.
Unknown command.
Okay, then.
Okay, then.
Casting: Ozocubu's Armour (dangerous; 5% risk of failure)
Confirm with . or Enter, or press ? or * to list all spells.
The spell is extremely dangerous to cast (69% risk of failure)!
Continue anyway?
Aiming: Sticky Flame (extremely dangerous; 69% risk of failure)
Press: ? - help, Shift-Dir - straight line, f - wight
Aim: a wight, wielding a +0 mace and wearing a +0 robe (100% to hit)
You miscast Sticky Flame.
You are very lightly contaminated with residual magic.
Sparks fly from your hands! The wight hits you with a +0 mace!
* * * LOW HITPOINT WARNING * * *
You feel drained. The heat melts your icy armour.
Casting: Sticky Flame (potentially lethal; 69% risk of failure)
Confirm with . or Enter, or press ? or * to list all spells.
You don't have enough magic to cast this spell.
Unknown command.
It was a potion of cancellation.
Your magical effects are unravelling.
You feel magically purged.
Your magical contamination has completely faded away.
Your icy armour evaporates.
The wight hits you with a +0 mace!
You die...

#.# #..........# #.#
#.#........# #.#
#.#.#####..# #.# #.#.#
#..# ##.## #.#.# #...
##...####...# #...
#####...........#####...
#..........##.#.......#.
#.###.z@...##.###.#####.
#.# ##...#.##.# #.# #.
#.# #####.##)# #.# #.
#.# ##...#.###.## ##.
#.# #...........###..
#.# #....#......<....
#.# #.#.######..###..
#.# #.#.# #..# #.. #.#
#.#.# #..# #..


You could see a wight.

Vanquished Creatures
  An orc priest (D:3)
  Natasha (twice) (D:2)
  A gnoll (D:1)
  3 adders
  A dart slug (D:3)
  4 orcs (D:3)
  5 ball pythons
  3 bats
  8 endoplasms
  2 giant cockroaches (D:2)
  6 goblins
  4 hobgoblins
  2 jackals (D:2)
  4 quokkas
  2 frilled lizards
  9 kobolds
  6 rats
63 creatures vanquished.

Notes
Turn   | Place    | Note
-------+----------+-------------------------------------------
     0 | D:1      | Meow the Naga Ice Elementalist began the quest for the Orb.
     0 | D:1      | Reached XP level 1. HP: 15/15 MP: 3/3
   176 | D:1      | Reached XP level 2. HP: 22/22 MP: 5/5
   193 | D:1      | Found a faded altar of an unknown god.
   418 | D:1      | Reached XP level 3. HP: 28/28 MP: 6/6
   422 | D:1      | Learned a level 3 spell: Frozen Ramparts
   709 | D:1      | Learned a level 3 spell: Ozocubu's Armour
   859 | D:2      | Noticed Natasha
   870 | D:2      | Killed Natasha
   871 | D:2      | Reached XP level 4. HP: 30/36 MP: 4/8
  1051 | D:2      | Noticed Natasha
  1053 | D:2      | Reached skill level 5 in Ice Magic
  1059 | D:2      | Killed Natasha
  1241 | D:2      | Identified 3 scrolls of acquirement
  1241 | D:2      | Acquired 519 gold pieces
  1243 | D:2      | Acquired Meow's Volume of the Hurtful Blaze
  1287 | D:3      | Reached XP level 5. HP: 42/42 MP: 10/10
  1383 | D:3      | Learned a level 4 spell: Sticky Flame
  1451 | D:3      | Noticed an ice beast
  1542 | D:3      | Reached skill level 1 in Conjurations
  1542 | D:3      | Reached skill level 1 in Fire Magic
  1703 | D:3      | Slain by a wight

Illustrated notes

Levels and vault maps discovered:
D:1:      minmay_arrival_semitransparent, layout_basic,
          hellmonk_ecumenical_altar_heavens_door
D:2:      layout_rooms, grunt_ministairs_3, kennysheep_decorative_pillar,
          uniq_natasha
D:3:      kennysheep_six_static_rooms, layout_loops_ring,
          kennysheep_generic_room_14
D:4:      layout_loops_cross, nicolae_overflow_crystal_walls,
          kennysheep_generic_room_12, uniq_crazy_yiuf_cottage

Skill      XL: |  1  2  3  4  5 |
---------------+----------------+-----
Spellcasting   | 3 |  3.6
Ice Magic      | 5 |  5.2
Conjurations   | 1 |  1.2
Fire Magic     | 1 |  1.2
Dodging        | |  1.5
Stealth        | |  3.0

Action                   |  1- 3 |  4- 6 || total
-------------------------+-------+-------++-------
Melee: Long sword        |     5 |    36 ||    41
 Cast: Freeze            |    11 |     3 ||    14
       Frozen Ramparts   |     5 |     8 ||    13
       Ozocubu's Armour  |       |     2 ||     2
 Abil: Spit Poison       |    27 |    13 ||    40
  Use: Scroll            |       |     5 ||     5
       Potion            |       |     1 ||     1
 Stab: Sleeping          |       |     1 ||     1
Armor: Robe              |     7 |    11 ||    18
Dodge: Dodged            |    12 |    22 ||    34
       Rpst.: Long sword |     1 |     9 ||    10

Table legend: (Time is in decaauts)
 A = Elapsed time spent in this place.
 B = Non-inter-level travel time spent in this place.
 C = Inter-level travel time spent in this place.
 D = Time resting spent in this place.
 E = Time spent auto-exploring this place.
 F = Levels seen in this place.
 G = Mean time per level.
                   A        B        C        D        E       F      G
               +--------+--------+--------+--------+--------+-----+--------+
         Total |   2261 |   2107 |    154 |    170 |   1388 |   4 |  565.2 |
       Dungeon |   2261 |   2107 |    154 |    170 |   1388 |   4 |  565.2 |
               +--------+--------+--------+--------+--------+-----+--------+

Top non-repeatable levels by time:
     D:1: 1033 daAuts
     D:2: 702 daAuts
     D:3: 511 daAuts
     D:4: 14 daAuts
